 Dungeon Crawl Stone Soup version 0.28-a0-8-g6e044cfa68 (webtiles) character file.

Game seed: 4166331363983512347

149 freelancePsychic the Insei (level 5, 0/39 HPs)
             Began as a Demonspawn Enchanter on July 24, 2021.
             Succumbed to a scorpion's poison
             ... on level 4 of the Dungeon.
             The game lasted 00:08:48 (4884 turns).

freelancePsychic the Insei (Demonspawn Enchanter)   Turns: 4884, Time: 00:08:49

Health: 0/39       AC:  8    Str:  9    XL:     5   Next: 9%
Magic:  8/8        EV: 10    Int: 23    God:
Gold:   95         SH:  0    Dex: 13    Spells: 7/8 levels left

rFire   . . .      SeeInvis .     - Unarmed
rCold   . . .      Faith    .   (no shield)
rNeg    + . .      Spirit   .   j - +0 ring mail
rPois   .          Reflect  .   a - +2 helmet of Denuush {Drain rN+ Stlth+}
rElec   .          Harm     .   (no cloak)
rCorr   +          Rampage  .   (no gloves)
Will    .....                   (no boots)
Stlth   ++........              (no amulet)
HPRegen 0.13/turn               d - +6 ring of intelligence
MPRegen 0.11/turn               g - ring of resist corrosion

@: lethally poisoned (0 -> -7)
A: claws 2, demonic magic 1, subdued magic 1
a: no special abilities


You were on level 4 of the Dungeon.
You visited 1 branch of the dungeon, and saw 4 of its levels.

You collected 95 gold pieces.

Inventory:

Missiles
 h - 14 poisoned darts (quivered)
Armour
 a - the +2 helmet of Denuush (worn) {Drain rN+ Stlth+}
   (You took it off Robin on level 2 of the Dungeon)

   rN:        It protects you from negative energy.
   Drain:     It drains your maximum health when unequipped.
   Stlth:     It makes you more stealthy.
 b - a +0 robe
 j - a +0 ring mail (worn)
Jewellery
 d - a +6 ring of intelligence (left claw)
 g - a ring of resist corrosion (right claw)
Scrolls
 i - a scroll of teleportation {@r4}
 k - a scroll of fog
Potions
 c - a potion of brilliance
 e - a potion of attraction
 f - a potion of haste {@q3}


   Skills:
 + Level 2.5 Fighting
 - Level 1.6 Short Blades
 - Level 1.7 Dodging
 - Level 2.6 Stealth
 * Level 3.1 Unarmed Combat
 - Level 2.0 Spellcasting
 - Level 3.0 Hexes


You had 7 spell levels left.
You knew the following spells:

 Your Spells              Type           Power      Damage    Failure   Level
a - Corona                Hex            13%        N/A       9%          1

Your spell library contained the following spells:

 Spells                   Type           Power      Damage    Failure   Level
 Ensorcelled Hibernation  Hex/Ice        14%        N/A       24%         2
 Confusing Touch          Hex            12%        N/A       26%         3
 Tukima's Dance           Hex            12%        N/A       26%         3
 Dazzling Flash           Conj/Hex       14%        N/A       45%         3
 Iskenderun's Mystic Bla  Conj/Tloc      1%         2d3       97%         4
 Starburst                Conj/Fire      0%         8x6d3     100%        6


Dungeon Overview and Level Annotations

Branches:
Dungeon (4/15)
 Temple: D:4-7

Altars:

Annotations:
D:1 exclusion: 2 downstairs
D:3 Natasha, Sigmund


Innate Abilities, Weirdness & Mutations

You have very sharp fingernails.
Spells you cast may paralyse adjacent enemies.
Your spells are a little easier to cast, but a little less powerful.


Message History

You scratch the scorpion but do no damage.
The scorpion stings you but does no damage.
You scratch the scorpion.
The scorpion is moderately wounded.
The scorpion stings you.
You are poisoned.
The scorpion poisons you!
You claw the scorpion!
The scorpion is severely wounded.
You feel very sick.
The scorpion stings you but does no damage.
You closely miss the scorpion.
The scorpion is severely wounded.
You feel sick. The scorpion stings you.
You are lethally poisoned!
The scorpion poisons you!
You closely miss the scorpion.
The scorpion is severely wounded.
You feel very sick.
The scorpion stings you but does no damage.
You barely miss the scorpion.
The scorpion is severely wounded.
You feel very sick. The scorpion stings you.
* * * LOW HITPOINT WARNING * * *
The scorpion stings you but does no damage.
You claw the scorpion!
You kill the scorpion!
* * * LOW HITPOINT WARNING * * *
You feel very sick.
Your Unarmed Combat skill increases to level 3!
You have reached level 5!
Your demonic ancestry asserts itself...
A menacing aura infuses your magic.
Okay, then.
* * * LOW HITPOINT WARNING * * *
You feel very sick.
* * * LOW HITPOINT WARNING * * *
You feel very sick.
You die...

######## #
......#
#.#.†...#
#.@....#
#.......#
##.........
#....#####
#.##.# #.
.# #. .. #.
.#.


There were no monsters in sight!

Vanquished Creatures
  A scorpion (D:4)
  Robin (D:2)
  An adder (D:2)
  A worm (D:2)
  A dart slug (D:2)
  3 ball pythons (D:1)
  3 bats
  6 endoplasms
  3 hobgoblins (D:1)
  10 jackals (D:1)
  A quokka (D:1)
  5 frilled lizards
  19 goblins
  3 kobolds
58 creatures vanquished.

Vanquished Creatures (others)
  3 plants (D:1)
3 creatures vanquished.

Grand Total: 61 creatures vanquished

Notes
Turn   | Place    | Note
-------+----------+-------------------------------------------
     0 | D:1      | freelancePsychic the Demonspawn Enchanter began the quest
                  | for the Orb.
     0 | D:1      | Reached XP level 1. HP: 13/13 MP: 3/3
    95 | D:1      | Reached skill level 1 in Short Blades
   242 | D:1      | Gained mutation: You have sharp fingernails. [demonic
                  | ancestry]
   242 | D:1      | Reached XP level 2. HP: 2/20 MP: 1/5
   975 | D:1      | Reached skill level 1 in Fighting
  1253 | D:1      | Found a faded altar of an unknown god.
  1660 | D:1      | Reached skill level 1 in Unarmed Combat
  1968 | D:2      | Identified the +2 helmet of Denuush {Drain rN+ Stlth+}
  1968 | D:2      | Noticed Robin
  2361 | D:1      | Gained mutation: You have very sharp fingernails. [demonic
                  | ancestry]
  2361 | D:1      | Reached XP level 3. HP: 11/26 MP: 6/6
  3559 | D:2      | Gained mutation: Your spells are a little easier to cast,
                  | but a little less powerful. [potion of mutation]
  3882 | D:2      | Killed Robin
  3883 | D:2      | Reached XP level 4. HP: 22/33 MP: 7/7
  4721 | D:3      | Noticed Sigmund
  4804 | D:3      | Noticed Natasha
  4874 | D:4      | Noticed a scorpion
  4881 | D:4      | Killed a scorpion
  4882 | D:4      | Gained mutation: Spells you cast may paralyse adjacent
                  | enemies. [demonic ancestry]
  4882 | D:4      | Reached XP level 5. HP: 6/39 MP: 8/8
  4883 | D:4      | HP: 1/39 [poisoned by a scorpion]
  4884 | D:4      | Succumbed to a scorpion's poison

Illustrated notes

Levels and vault maps discovered:
D:1:      lightli_arrival_statuegarden, layout_basic,
          shapermc_ecumenical_altar_starsandcircs, minmay_tromino_v7
D:2:      layout_rooms, minmay_misc_feat_roman, nrook_campfire, uniq_robin
D:3:      layout_basic, uniq_ijyb, uniq_sigmund, uniq_natasha
D:4:      layout_loops_cross, mainiacjoe_overflow_surrounded_room,
          uniq_menkaure, uniq_grinder

Skill      XL: |  1  2  3  4 |
---------------+-------------+-----
Short Blades   | 1 |  1.6
Fighting       | 1 2 |  2.5
Unarmed Combat | 1 2 3 |  3.1
Dodging        | |  1.7
Stealth        | |  2.6
Spellcasting   | |  2.0
Hexes          | |  3.0

Action                   |  1- 3 |  4- 6 || total
-------------------------+-------+-------++-------
Melee: Dagger            |    34 |       ||    34
       Unarmed           |   153 |    60 ||   213
       Punch             |     1 |     1 ||     2
Throw: Dart              |    17 |     1 ||    18
 Cast: Corona            |    18 |       ||    18
  Use: Scroll            |     3 |     2 ||     5
       Potion            |     1 |       ||     1
 Stab: Sleeping          |     5 |     3 ||     8
Armor: Robe              |    35 |     6 ||    41
       Ring mail         |       |     6 ||     6
Dodge: Dodged            |   161 |    20 ||   181

Table legend: (Time is in decaauts)
 A = Elapsed time spent in this place.
 B = Non-inter-level travel time spent in this place.
 C = Inter-level travel time spent in this place.
 D = Time resting spent in this place.
 E = Time spent auto-exploring this place.
 F = Levels seen in this place.
 G = Mean time per level.
                   A        B        C        D        E       F      G
               +--------+--------+--------+--------+--------+-----+--------+
         Total |   4889 |   4506 |    383 |   1693 |   1960 |   4 | 1222.2 |
       Dungeon |   4889 |   4506 |    383 |   1693 |   1960 |   4 | 1222.2 |
               +--------+--------+--------+--------+--------+-----+--------+

Top non-repeatable levels by time:
     D:1: 3822 daAuts
     D:2: 906 daAuts
     D:3: 151 daAuts
     D:4: 9 daAuts
